[Event "Titled Tuesday Blitz May 9 Early 2023"]
[White "Koellner, Ruben Gideon"]
[Black "Korpics, Zsolt"]
[WhiteFideId "12993093"]
[BlackFideId "705241"]
[WhiteElo "2314"]
[BlackElo "2341"]
[Result "1-0"]
[Round "02"]
[TimeControl "180+2"]
[Date "2023.05.09"]
[WhiteClock "0:00:50"]
[BlackClock "0:00:25"]

1. d4 Nf6 2. Nf3 e6 3. Nbd2 c5 4. e3 d5 5. c3 Nc6 6. Bd3 cxd4 7. exd4 Bd6 8. O-O O-O 9. Re1 Qc7 10. Qe2 Re8 11. Ne5 Nd7 12. Bxh7+ Kf8 13. f4 Nf6 14. Bd3 Bd7 15. g4 g6 16. g5 Nh5 17. Qg4 Bxe5 18. fxe5 Ne7 19. Nf1 Nf5 20. Qh3 Kg7 21. Ne3 Rh8 22. Qf3 Rh7 23. Ng4 Rah8 24. Nh6 b5 25. Bxf5 gxf5 26. Qxh5 Be8 27. Qe2 Kf8 28. Bd2 Rg7 29. Kf2 Qe7 30. h4 Rxg5 31. Bxg5 1-0


[Site "https://www.chess.com"]

[Event "Titled Tuesday Blitz May 9 Early 2023"]
[White "Todorovic, Bojan"]
[Black "Guerra Tulcan, Lenin"]
[WhiteFideId "917087"]
[BlackFideId "3601382"]
[WhiteElo "2266"]
[BlackElo "2368"]
[Result "0-1"]
[Round "02"]
[TimeControl "180+2"]
[Date "2023.05.09"]
[WhiteClock "0:01:16"]
[BlackClock "0:01:59"]

1. d4 Nf6 2. c4 c5 3. d5 b5 4. cxb5 a6 5. e3 a5 6. Nc3 g6 7. e4 d6 8. Be2 Bg7 9. Nf3 O-O 10. O-O Nbd7 11. Nd2 Nb6 12. Nc4 Nfd7 13. Bg5 Nxc4 14. Bxc4 Nb6 15. Be2 h6 16. Bh4 a4 17. f4 a3 18. Qc2 axb2 19. Rab1 Ra3 20. Rf3 Bg4 21. Rg3 Rxc3 22. Rxc3 Bxe2 23. Re3 Bxb5 24. Rb3 Ba4 0-1


[Site "https://www.chess.com"]

[Event "Titled Tuesday Blitz May 9 Early 2023"]
[White "Rian, Kapriaga"]
[Black "Mrudul Dehankar"]
[WhiteFideId "7103263"]
[BlackFideId "25096990"]
[WhiteElo "2292"]
[BlackElo "2139"]
[Result "0-1"]
[Round "02"]
[TimeControl "180+2"]
[Date "2023.05.09"]
[WhiteClock "0:00:00"]
[BlackClock "0:00:12"]

1. d4 Nf6 2. Nf3 e6 3. Bf4 b6 4. e3 Bb7 5. Nbd2 Be7 6. h3 O-O 7. Bd3 c5 8. c3 d6 9. O-O Nbd7 10. Qe2 cxd4 11. exd4 Nd5 12. Bh2 N7f6 13. Rfe1 Nh5 14. Qf1 g6 15. Ba6 Qc8 16. Bxb7 Qxb7 17. a4 a6 18. Nc4 Qd7 19. Nfd2 f5 20. Qe2 Ng7 21. Qd1 b5 22. axb5 axb5 23. Ne3 Nc7 24. Qb3 Kh8 25. f3 Bf6 26. Kh1 e5 27. dxe5 dxe5 28. Rad1 Qc6 29. Nb1 Rfd8 30. Na3 Nge6 31. Nac2 Nc5 32. Qf7 Rf8 33. Nb4 Qb7 34. Qxf6+ Rxf6 35. Bxe5 Rf8 36. Rd7 Nxd7 37. Rd1 Nxe5 38. Ned5 Nxd5 39. Rxd5 Rd6 40. Rxe5 Rd1+ 41. Kh2 Qc7 42. f4 Qc4 43. Nd5 Rxd5 0-1


[Site "https://www.chess.com"]

[Event "Titled Tuesday Blitz May 9 Early 2023"]
[White "Jaivardhan Raj"]
[Black "Maurizzi, Marc`Andria"]
[WhiteFideId "25744437"]
[BlackFideId "36083534"]
[WhiteElo "1772"]
[BlackElo "2421"]
[Result "1/2-1/2"]
[Round "02"]
[TimeControl "180+2"]
[Date "2023.05.09"]
[WhiteClock "0:00:13"]
[BlackClock "0:01:03"]

1. e4 c5 2. Nf3 Nc6 3. d4 cxd4 4. Nxd4 Nf6 5. Nc3 e5 6. Ndb5 d6 7. Bg5 a6 8. Na3 Be6 9. Nd5 Qa5+ 10. Bd2 Qd8 11. Bg5 Bxd5 12. exd5 Qa5+ 13. c3 Qxd5 14. Qxd5 Nxd5 15. Bc4 Nb6 16. Bb3 d5 17. O-O-O Bxa3 18. bxa3 Ne7 19. Bxe7 Kxe7 20. Bxd5 Rac8 21. Kb2 Na4+ 22. Kb3 Nxc3 23. Bxb7 Nxd1 24. Bxc8 Nxf2 25. Rf1 Ne4 26. Rc1 Kd6 27. Rd1+ Kc7 28. Rc1+ Kb6 29. Bf5 Nc5+ 30. Kb4 Rd8 31. Kc3 g6 32. Rb1+ Kc6 33. Bc2 f5 34. Re1 e4 35. g4 Rd5 36. gxf5 gxf5 37. Rf1 Kd6 38. h4 Ke5 39. Kc4 Ne6 40. Rxf5+ Kxf5 41. Kxd5 Nc7+ 42. Kd4 Ne6+ 43. Kd5 Nf4+ 44. Kd4 Ne2+ 45. Ke3 Ng3 46. Kf2 Kf4 47. a4 Nf5 48. h5 a5 49. a3 Ng3 50. Bd1 e3+ 51. Ke1 Kg5 52. Bf3 Kf4 53. Bd1 h6 54. Be2 Ne4 55. Bd1 Nc3 56. Bc2 Kf3 57. Bg6 e2 58. Bd3 Ke3 59. Bb5 Kf3 60. Bd3 Nxa4 61. Bxe2+ Ke3 62. Bb5 Nc3 63. a4 Ne4 64. Be8 Nf6 65. Bf7 Ng4 66. Kd1 Ne5 67. Be6 Kd3 68. Kc1 Kc3 69. Kb1 Kb4 70. Bg8 Kxa4 71. Bh7 Kb4 72. Bg6 a4 73. Ka1 a3 74. Kb1 Kb3 75. Bc2+ Kc3 76. Bg6 Nc4 77. Ka1 Kd4 78. Bf5 Ke5 79. Bg6 Kf6 80. Bd3 Ne5 81. Be2 Nc6 82. Ka2 Nd4 83. Bd1 Nb5 84. Kb3 a2 85. Kb2 Nc3 86. Kxc3 Kg5 87. Kb2 a1=Q+ 88. Kxa1 Kf6 89. Kb2 Kg7 90. Kc1 Kh8 91. Kd2 Kg7 92. Ke1 Kf6 93. Kf2 Ke5 94. Kg3 Kf6 95. Kh4 Kg7 96. Bg4 Kh8 97. Bf5 Kg7 98. Bg6 Kh8 99. Kg4 Kg7 100. Kf5 Kh8 101. Kf6 Kg8 102. Bf7+ Kh8 103. Bg6 Kg8 104. Be4 Kh8 105. Kg6 Kg8 106. Kxh6 Kh8 107. Kg6 Kg8 108. h6 Kh8 109. Kh5 Kg8 110. Bf5 Kh8 111. Bg4 Kg8 1/2-1/2


[Site "https://www.chess.com"]

[Event "Titled Tuesday Blitz May 9 Early 2023"]
[White "Pasti, Aron"]
[Black "Kollars, Dmitrij"]
[WhiteFideId "785857"]
[BlackFideId "12909572"]
[WhiteElo "2173"]
[BlackElo "2584"]
[Result "0-1"]
[Round "02"]
[TimeControl "180+2"]
[Date "2023.05.09"]
[WhiteClock "0:01:01"]
[BlackClock "0:02:00"]

1. e4 c6 2. d4 d5 3. Nc3 dxe4 4. Nxe4 Nf6 5. Nxf6+ exf6 6. c3 Bd6 7. Bd3 O-O 8. Ne2 c5 9. Qc2 cxd4 10. Nxd4 h6 11. Be3 Nc6 12. O-O-O Nxd4 13. Bxd4 Be6 14. Bh7+ Kh8 15. Bc5 Bf4+ 16. Kb1 Qa5 17. b4 Qa3 18. Bxf8 Rxf8 19. Be4 Be5 20. Bd5 Bf5 21. Qxf5 Qxc3 22. Qxe5 fxe5 23. Bb3 Qxb4 24. Rd7 a5 25. Rc7 b5 0-1


[Site "https://www.chess.com"]

[Event "Titled Tuesday Blitz May 9 Early 2023"]
[White "Kozak, Adam"]
[Black "Llanos, Guillermo"]
[WhiteFideId "753246"]
[BlackFideId "100358"]
[WhiteElo "2469"]
[BlackElo "2225"]
[Result "1-0"]
[Round "02"]
[TimeControl "180+2"]
[Date "2023.05.09"]
[WhiteClock "0:01:56"]
[BlackClock "0:00:00"]

1. e4 Nf6 2. e5 Nd5 3. Nc3 Nxc3 4. dxc3 d5 5. exd6 Qxd6 6. Qe2 Nc6 7. Nf3 Bg4 8. h3 Bh5 9. g4 Bg6 10. Bg2 O-O-O 11. Be3 f6 12. Nh4 e5 13. Nxg6 hxg6 14. Rd1 Qxd1+ 15. Qxd1 Rxd1+ 16. Kxd1 a6 17. Ke2 Bd6 18. b4 Ne7 19. a4 f5 20. Bg5 b6 21. Rd1 Ng8 22. Bd5 Nf6 23. Be6+ Kb7 24. gxf5 gxf5 25. Bxf5 Be7 26. h4 a5 27. b5 c6 28. Bxf6 Bxf6 29. Rd7+ Kb8 30. bxc6 Bd8 31. Rb7+ Ka8 32. c7 Kxb7 33. c8=Q+ 1-0


[Site "https://www.chess.com"]

[Event "Titled Tuesday Blitz May 9 Early 2023"]
[White "Rosen, Eric"]
[Black "Orzech, Dominik"]
[WhiteFideId "2032562"]
[BlackFideId "1115065"]
[WhiteElo "2331"]
[BlackElo "2260"]
[Result "0-1"]
[Round "02"]
[TimeControl "180+2"]
[Date "2023.05.09"]
[WhiteClock "0:00:00"]
[BlackClock "0:00:37"]

1. d4 Nf6 2. Bf4 c5 3. e3 g6 4. c3 Bg7 5. Nd2 O-O 6. dxc5 Nc6 7. Ngf3 b6 8. cxb6 Qxb6 9. Nc4 Qc5 10. Be2 Ba6 11. Ncd2 Qb6 12. Nb3 Bxe2 13. Qxe2 Nd5 14. O-O a5 15. Rfd1 Nxf4 16. exf4 d6 17. Nbd4 Rab8 18. Rab1 Nxd4 19. Nxd4 Rb7 20. h4 Rc8 21. h5 a4 22. a3 Bxd4 23. cxd4 Qb3 24. d5 Rc2 25. Rd2 Rxd2 26. Qxd2 gxh5 27. Qd4 h4 28. Re1 h3 29. Re3 Qxb2 30. Qc4 Kg7 31. Rg3+ Kf6 32. Rxh3 Rb3 33. f5 Rxh3 34. gxh3 Qxa3 35. Qh4+ Kxf5 36. Qxe7 Qa1+ 37. Kg2 Qf6 38. Qd7+ Ke5 39. Qxa4 Kxd5 40. Qa5+ Ke6 41. Qa2+ d5 42. Qa6+ Kf5 43. Qd3+ Ke5 44. Qxh7 Qg6+ 45. Qxg6 fxg6 46. Kf3 Kd4 47. Kf4 Kd3 48. h4 d4 49. Kg5 Ke2 50. Kxg6 d3 51. h5 d2 52. h6 d1=Q 53. Kg7 Qd4+ 54. Kg8 Qg4+ 55. Kf7 Qf5+ 56. Kg7 Qg5+ 0-1


[Site "https://www.chess.com"]

[Event "Titled Tuesday Blitz May 9 Early 2023"]
[White "Adhiban, B."]
[Black "Lima, Kleyton Alcantara"]
[WhiteFideId "5018471"]
[BlackFideId "22718397"]
[WhiteElo "2587"]
[BlackElo "2009"]
[Result "1-0"]
[Round "02"]
[TimeControl "180+2"]
[Date "2023.05.09"]
[WhiteClock "0:01:16"]
[BlackClock "0:00:03"]

1. b3 Nf6 2. Bb2 g6 3. Nf3 Bg7 4. g3 c5 5. c4 b6 6. Bg2 Bb7 7. d4 cxd4 8. Qxd4 O-O 9. Nc3 Nc6 10. Qd2 Rc8 11. O-O a6 12. Rfd1 d6 13. Rac1 Nb8 14. h4 Nbd7 15. Bh3 Rc7 16. Nd4 Qa8 17. Nc2 Nc5 18. Ne3 Rd8 19. h5 b5 20. Ned5 Nxd5 21. Nxd5 Bxd5 22. Bxg7 Kxg7 23. cxd5 Kg8 24. h6 f6 25. Qe3 b4 26. Rc4 a5 27. Be6+ Kf8 28. Rf4 Nxe6 29. dxe6 Rdc8 30. Qd4 Qa7 31. Qxa7 Rxa7 32. Rd5 Rc5 33. e4 Rxd5 34. exd5 Rc7 35. a3 Rb7 36. Rc4 Rb8 37. a4 Ke8 38. Rc7 Kd8 39. Rd7+ Ke8 40. Ra7 Kd8 41. Rxa5 1-0


[Site "https://www.chess.com"]

[Event "Titled Tuesday Blitz May 9 Early 2023"]
[White "LeoLV10"]
[Black "Costachi, Mihnea"]
[BlackFideId "1217518"]
[WhiteElo "2390"]
[BlackElo "2456"]
[Result "0-1"]
[Round "02"]
[TimeControl "180+2"]
[Date "2023.05.09"]
[WhiteClock "0:00:18"]
[BlackClock "0:02:17"]

1. e4 Nc6 2. d4 g6 3. f4 d5 4. e5 Nh6 5. c3 Bg7 6. Be2 O-O 7. Be3 f6 8. Nf3 Bg4 9. h3 Bxf3 10. Bxf3 Nf5 11. Bf2 fxe5 12. fxe5 e6 13. O-O Bh6 14. Qe1 Qg5 15. Bg4 Rae8 16. Na3 Ne3 17. Bxe3 Qxe3+ 18. Qxe3 Bxe3+ 19. Kh2 h5 20. Bf3 a6 21. Rae1 Bf4+ 22. g3 Bh6 23. h4 Rf7 24. Kg2 Ne7 25. g4 hxg4 26. Bxg4 Rxf1 27. Rxf1 Nf5 28. Bxf5 gxf5 29. Kf3 Kf7 30. Rg1 Rh8 31. Nc2 Bf8 32. Rh1 Rh5 33. Ne3 Be7 34. Ng2 b6 35. Kg3 c5 36. Nf4 Rh8 37. h5 Bg5 38. Nd3 cxd4 39. cxd4 Rc8 40. Rh2 Bh6 41. Kf3 Rc4 42. Rh4 Rc2 43. a3 a5 44. b4 a4 45. Rh1 Rc3 46. Ke2 Rxa3 47. Rb1 Ra2+ 48. Kf3 Rd2 49. Nb2 a3 50. Na4 Rxd4 51. Nxb6 a2 52. Ra1 Rxb4 53. Nc8 Ra4 54. Nd6+ Kf8 55. Nb5 Bc1 56. Rxc1 a1=Q 57. Rxa1 Rxa1 58. Nc7 Kf7 59. h6 Rh1 60. Kf4 Rxh6 61. Kg5 Rg6+ 62. Kf4 Rg4+ 63. Ke3 Re4+ 64. Kd3 Rxe5 65. Nb5 Re4 66. Nd6+ Kf6 67. Nxe4+ fxe4+ 68. Ke3 Kf5 69. Ke2 Kf4 70. Kf2 e3+ 71. Ke2 Ke4 72. Ke1 Kf3 73. Kf1 e2+ 74. Ke1 d4 75. Kd2 Kf2 76. Kd3 e1=Q 77. Kxd4 Qe3+ 78. Kc4 Ke2 79. Kb5 0-1


[Site "https://www.chess.com"]

[Event "Titled Tuesday Blitz May 9 Early 2023"]
[White "Mazurkiewicz, Michal"]
[Black "Isanzhulov, Arystan"]
[WhiteFideId "1124943"]
[BlackFideId "13711644"]
[WhiteElo "2054"]
[BlackElo "2467"]
[Result "0-1"]
[Round "02"]
[TimeControl "180+2"]
[Date "2023.05.09"]
[WhiteClock "0:00:02"]
[BlackClock "0:00:10"]

1. e4 e6 2. d3 d5 3. Nd2 c5 4. Ngf3 Nc6 5. g3 Bd6 6. Bg2 Nge7 7. O-O O-O 8. Re1 f6 9. c3 b6 10. d4 Bc7 11. e5 f5 12. Nf1 Qd7 13. h4 a5 14. h5 Ba6 15. Bf4 h6 16. Ne3 Kf7 17. Qd2 Ke8 18. Rad1 Kd8 19. c4 dxc4 20. Qc2 Nb4 21. Qc3 Ned5 22. Nxd5 Nxd5 23. Qa3 Qb5 24. Nh4 Bb7 25. Ng6 Re8 26. Be3 Kc8 27. dxc5 Ra6 28. cxb6 Bxb6 29. Bxb6 Rxb6 30. Bxd5 Bxd5 31. Ne7+ Kd7 32. Nxd5 exd5 33. Qf3 Ke6 34. g4 Rf8 35. Rd2 Rbb8 36. Red1 Rbd8 37. Qg2 Qe8 38. Rxd5 Rxd5 39. Qxd5+ Ke7 40. Qd6+ Kf7 41. Qg6+ Kg8 42. gxf5 Qxe5 43. Rd7 Qe1+ 44. Kg2 Qe4+ 45. Kg1 Qe1+ 46. Kg2 Qe4+ 47. Kg1 Qe5 48. f4 Qe3+ 49. Kg2 Qe4+ 50. Kg3 Qe3+ 51. Kg2 Qe2+ 52. Kg3 Qe1+ 53. Kg2 Qe2+ 54. Kg3 Qxb2 55. Qe6+ Kh8 56. Qg6 Qc3+ 57. Kg4 Qa1 58. Kf3 Qf1+ 59. Ke3 Qe1+ 60. Kf3 Qf1+ 61. Ke3 Qe1+ 62. Kf3 Qc3+ 63. Kg4 Qb2 64. Rc7 a4 65. Rf7 Rg8 66. f6 Qxf6 67. Rxf6 gxf6 68. Kf3 Rxg6 69. hxg6 Kg7 70. f5 h5 71. Ke3 h4 72. Kd4 h3 73. Kxc4 h2 74. Kd3 h1=Q 75. Ke3 Qd5 0-1


[Site "https://www.chess.com"]

[Event "Titled Tuesday Blitz May 9 Early 2023"]
[White "Bachmann, Axel"]
[Black "Marcziter, Dmitrii"]
[WhiteFideId "3700488"]
[BlackFideId "13900765"]
[WhiteElo "2605"]
[BlackElo "2162"]
[Result "1-0"]
[Round "02"]
[TimeControl "180+2"]
[Date "2023.05.09"]
[WhiteClock "0:00:07"]
[BlackClock "0:00:00"]

1. e4 e5 2. Bc4 Nf6 3. d3 Bc5 4. Nc3 c6 5. Nf3 Qe7 6. O-O h6 7. d4 exd4 8. e5 dxc3 9. exf6 Qxf6 10. Re1+ Kf8 11. Qe2 Kg8 12. bxc3 d5 13. Bd3 Bf5 14. Rb1 Bb6 15. c4 Bxd3 16. Qxd3 Nd7 17. cxd5 Nc5 18. Qc4 cxd5 19. Qxd5 Rd8 20. Qh5 g6 21. Qg4 Qf5 22. Qxf5 gxf5 23. Bb2 Rh7 24. Rbd1 Rxd1 25. Rxd1 Ne4 26. Bd4 Bxd4 27. Rxd4 f6 28. Rd8+ Kf7 29. Rd7+ Kg8 30. Rd8+ Kf7 31. Nd4 f4 32. h4 h5 33. a4 Ke7 34. Rb8 Kd6 35. a5 a6 36. Rd8+ Ke5 37. Nf3+ Ke6 38. Re8+ Kd5 39. c4+ Kxc4 40. Rxe4+ Kb5 41. Rxf4 Kxa5 42. Rxf6 b5 43. Nd4 Rd7 44. Nc6+ Ka4 45. Rf4+ Ka3 46. g4 Rd6 47. Nd4 hxg4 48. Rxg4 b4 49. Nc2+ Kb3 50. Nxb4 a5 51. Na2 Kxa2 52. Ra4+ Kb3 53. Rxa5 Kc4 54. h5 Kd4 55. Kg2 Ke4 56. Kg3 1-0


[Site "https://www.chess.com"]

[Event "Titled Tuesday Blitz May 9 Early 2023"]
[White "Gvanceladze, Anna"]
[Black "Sokolovsky, Yahli"]
[WhiteFideId "4113721"]
[BlackFideId "2820242"]
[WhiteElo "2025"]
[BlackElo "2389"]
[Result "0-1"]
[Round "02"]
[TimeControl "180+2"]
[Date "2023.05.09"]
[WhiteClock "0:00:13"]
[BlackClock "0:01:07"]

1. d4 d5 2. Nf3 c6 3. c4 e6 4. cxd5 exd5 5. Nc3 Be7 6. Qc2 Nf6 7. Bg5 Bg4 8. e3 Bh5 9. Bd3 Nbd7 10. h3 Bg6 11. Bxg6 hxg6 12. Ne5 Nxe5 13. dxe5 Nh5 14. Bxe7 Qxe7 15. f4 Ng3 16. Rg1 Nf5 17. e4 dxe4 18. Qxe4 O-O-O 19. Qa4 Qh4+ 20. Ke2 Rd4 21. Qxa7 Ng3+ 22. Ke1 Qxf4 23. Ne2 Qd2+ 24. Kf2 Qxe2+ 25. Kxg3 Qxe5+ 0-1


[Site "https://www.chess.com"]

[Event "Titled Tuesday Blitz May 9 Early 2023"]
[White "Andrews, Todd"]
[Black "Rakotomaharo, Fy Antenaina"]
[WhiteFideId "2012456"]
[BlackFideId "13100050"]
[WhiteElo "2173"]
[BlackElo "2427"]
[Result "0-1"]
[Round "02"]
[TimeControl "180+2"]
[Date "2023.05.09"]
[WhiteClock "0:00:02"]
[BlackClock "0:01:05"]

1. e4 c5 2. Nf3 Nc6 3. d3 Nf6 4. g3 d5 5. Nbd2 e5 6. Bg2 Be7 7. O-O O-O 8. Re1 d4 9. a4 Re8 10. Nc4 Bf8 11. Rf1 Bg4 12. h3 Bh5 13. g4 Bg6 14. Nh4 Nd7 15. Nf5 Qc7 16. f4 exf4 17. Bxf4 Nde5 18. Qe1 f6 19. Qg3 Rad8 20. Kh1 Kh8 21. h4 Bf7 22. g5 Bxc4 23. dxc4 Qf7 24. b3 d3 25. c3 Ng6 26. Bd2 Nge5 27. Rf2 Na5 28. Rb1 a6 29. Bf1 b5 30. Rh2 bxc4 31. b4 Nb3 32. Bf4 cxb4 33. h5 d2 34. Rd1 Qb7 35. Qg2 fxg5 36. Bxg5 bxc3 37. h6 g6 38. Bf6+ Kg8 39. Ne3 Rd3 40. Bxe5 Rxe5 41. Bxd3 cxd3 42. Nd5 c2 43. Qf1 cxd1=Q 44. Qxd1 Rxe4 45. Nf6+ Kh8 46. Nxe4 Qxe4+ 47. Kg1 Qe1+ 0-1


[Site "https://www.chess.com"]

[Event "Titled Tuesday Blitz May 9 Early 2023"]
[White "Harshavardhan G B"]
[Black "Luberanski, Jakub"]
[WhiteFideId "25059009"]
[BlackFideId "21830509"]
[WhiteElo "2323"]
[BlackElo "2255"]
[Result "1-0"]
[Round "02"]
[TimeControl "180+2"]
[Date "2023.05.09"]
[WhiteClock "0:00:57"]
[BlackClock "0:00:09"]

1. e4 c6 2. Nf3 d5 3. exd5 cxd5 4. Ne5 a6 5. d4 Nc6 6. c4 Nf6 7. Nc3 Bf5 8. Be3 e6 9. Qa4 Rc8 10. cxd5 Nxd5 11. Nxc6 Rxc6 12. Bxa6 Nb6 13. Bxb7 Nxa4 14. Bxc6+ Ke7 15. Bxa4 Kf6 16. O-O Bb4 17. Rac1 Qa8 18. Bb3 Rc8 19. Rfd1 h6 20. d5 Kg6 21. dxe6 fxe6 22. Ne2 Kh7 23. Nd4 Be4 24. Rxc8 Qxc8 25. Bxe6 Qa8 26. f3 Bg6 27. Bb3 Bc5 28. Nf5 Qa7 29. Bxc5 Qxc5+ 30. Nd4 h5 31. h3 h4 32. Kf2 Qe5 33. Rd2 Qg3+ 34. Kf1 Qf4 35. Ke1 Qe3+ 36. Ne2 Bd3 37. Bc2 Bxc2 38. Rxc2 Qg5 39. Nc3 Qe3+ 40. Re2 Qc1+ 41. Kf2 Qf4 42. a4 Qg3+ 43. Ke3 Qe5+ 44. Kd3 Qd6+ 45. Kc2 Qb6 46. Kb1 Kg6 47. Ka2 Qb4 48. Re4 Qc5 49. Rxh4 Qf2 50. Rg4+ Kf7 51. Kb3 Qb6+ 52. Ka2 Qe6+ 53. Ka3 Qd6+ 54. Rb4 Qg6 55. g4 Qd6 56. a5 Qc5 57. Ka4 Qc6+ 58. Rb5 Qc4+ 59. Ka3 Qf1 60. a6 Qa1+ 61. Na2 Qd1 62. Ra5 Qd3+ 63. Nc3 Qd6+ 64. Ka2 Qe6+ 65. Nd5 Qc6 66. a7 Qc4+ 67. Ka3 Qd3+ 68. Nc3 Qd6+ 69. Ka2 Qe6+ 70. Nd5 1-0


[Site "https://www.chess.com"]

[Event "Titled Tuesday Blitz May 9 Early 2023"]
[White "Orozbaev, Eldiar"]
[Black "Rottenwohrer Suarez, Juan"]
[WhiteFideId "13802240"]
[BlackFideId "32068182"]
[WhiteElo "2201"]
[BlackElo "2174"]
[Result "1-0"]
[Round "02"]
[TimeControl "180+2"]
[Date "2023.05.09"]
[WhiteClock "0:02:20"]
[BlackClock "0:00:00"]

1. e4 c5 2. c3 Nf6 3. e5 Nd5 4. d4 cxd4 5. Nf3 d6 6. cxd4 Nc6 7. Nc3 dxe5 8. Nxe5 Nxc3 9. bxc3 Nxe5 10. dxe5 Qxd1+ 11. Kxd1 Bg4+ 12. Kc2 Bf5+ 13. Kb3 O-O-O 14. Be3 Kb8 15. Bc4 e6 16. Bg5 Rc8 17. Rhd1 Bc5 18. Rd7 Rc7 19. Rad1 Rhc8 20. Bd8 Rxd7 21. Rxd7 Bxf2 22. Be7 Bc5 23. Bd6+ Bxd6 24. exd6 Rc6 25. Bb5 Rc5 26. Kb4 b6 27. Rxf7 a5+ 28. Ka3 1-0


[Site "https://www.chess.com"]

[Event "Titled Tuesday Blitz May 9 Early 2023"]
[White "Melikhov, Evgeny V."]
[Black "Tatarinov, Dmitry"]
[WhiteFideId "4122046"]
[BlackFideId "24160067"]
[WhiteElo "2158"]
[BlackElo "2326"]
[Result "0-1"]
[Round "02"]
[TimeControl "180+2"]
[Date "2023.05.09"]
[WhiteClock "0:00:04"]
[BlackClock "0:01:21"]

1. d4 Nf6 2. c4 g6 3. Nc3 Bg7 4. e4 O-O 5. Be3 d6 6. f3 e5 7. d5 Nh5 8. Qd2 f5 9. O-O-O f4 10. Bf2 a5 11. Nge2 Na6 12. Kb1 Nc5 13. Nc1 a4 14. Nb5 Bd7 15. Nd3 b6 16. Rc1 Rf7 17. Be2 Nf6 18. Rc3 Nfxe4 19. fxe4 Nxe4 20. Qc1 Bf5 21. Ka1 Nxc3 22. Nxc3 a3 23. Bf3 axb2+ 24. Nxb2 e4 25. Nxe4 Qb8 26. Rd1 Qa7 27. Qb1 Re7 28. Re1 Qa3 29. Re2 Ra4 30. Be1 Rxc4 31. Qd1 Bxe4 32. Bxe4 Rcxe4 0-1


[Site "https://www.chess.com"]

[Event "Titled Tuesday Blitz May 9 Early 2023"]
[White "Goswami, Vedant"]
[Black "bubeliang"]
[WhiteFideId "5003725"]
[WhiteElo "2011"]
[BlackElo "2654"]
[Result "1/2-1/2"]
[Round "02"]
[TimeControl "180+2"]
[Date "2023.05.09"]
[WhiteClock "0:00:45"]
[BlackClock "0:01:14"]

1. b3 Nf6 2. Bb2 g6 3. e4 d6 4. Nf3 Bg7 5. d3 O-O 6. Be2 c5 7. O-O Nc6 8. Nbd2 Be6 9. Ng5 Bd7 10. Ngf3 Rc8 11. Re1 Re8 12. Bf1 e5 13. Nc4 Be6 14. Ng5 Bxc4 15. dxc4 h6 16. Nf3 Nd4 17. c3 Nxf3+ 18. Qxf3 Qe7 19. Rad1 Rcd8 20. Rd3 Rd7 21. Red1 Red8 22. g3 Qe6 23. Bc1 h5 24. Bg5 Rc8 25. Bxf6 Bxf6 26. h4 Rcd8 27. Kh2 Qe7 28. Bh3 Rc7 29. R1d2 Kg7 30. Qd1 Rc6 31. Rd5 a5 32. R2d3 Ra6 33. a4 Rb6 34. Bf1 Rc6 35. Bh3 Rb6 36. Bf1 Rc6 37. Bh3 Rb6 1/2-1/2


[Site "https://www.chess.com"]

[Event "Titled Tuesday Blitz May 9 Early 2023"]
[White "Aldokhin, Ivan"]
[Black "Van Dael, Siem"]
[WhiteFideId "24115720"]
[BlackFideId "1049771"]
[WhiteElo "2322"]
[BlackElo "2336"]
[Result "0-1"]
[Round "02"]
[TimeControl "180+2"]
[Date "2023.05.09"]
[WhiteClock "0:00:12"]
[BlackClock "0:00:14"]

1. e4 c5 2. Nf3 d6 3. d4 cxd4 4. Nxd4 Nf6 5. Nc3 a6 6. Bc4 e6 7. Bb3 b5 8. O-O Be7 9. Qf3 Qb6 10. Be3 Qb7 11. a3 Nbd7 12. Qg3 Nc5 13. f3 Nxb3 14. cxb3 O-O 15. Kh1 Kh8 16. Rac1 Bd7 17. b4 Rac8 18. Nb3 Rc7 19. e5 dxe5 20. Nc5 Bxc5 21. bxc5 Bc6 22. Qxe5 Rd7 23. Bg5 Nd5 24. Bd2 Rfd8 25. Ne4 Qb8 26. Nd6 Rxd6 27. cxd6 Qxd6 28. Qxd6 Rxd6 29. Rfd1 Bb7 30. Bb4 Rc6 31. Rxc6 Bxc6 32. Kg1 g6 33. Kf2 Kg7 34. g4 Kf6 35. Bd6 g5 36. Re1 Bb7 37. Be5+ Kg6 38. Bg3 h5 39. h3 hxg4 40. hxg4 Kf6 41. Rh1 Ke7 42. Rh7 b4 43. Be5 bxa3 44. bxa3 Nb6 45. Rh6 Nc4 46. Bf6+ Kd6 47. a4 Nd2 48. Bxg5 Nxf3 49. Bf4+ Ke7 50. Rh8 Nd4 51. Rb8 Bc6 52. Rb6 Kd7 53. Rxa6 Nb3 54. Ra7+ Ke8 55. Be3 Bd5 56. a5 Na1 57. Bb6 Nc2 58. Rc7 Nb4 59. Kg3 Na6 60. Ra7 Bc4 61. Kf4 f6 62. Kg3 Kf8 63. Rh7 Kg8 64. Ra7 Kf8 65. Kh4 Bd3 66. Kh5 Nb4 67. Kh6 Nc6 68. Rc7 Ne5 69. Bd4 Nxg4+ 70. Kh5 Ne5 71. Bxe5 fxe5 72. Rc6 e4 73. a6 e3 74. a7 Be4 75. a8=Q+ Kf7 76. Qb7+ Kf6 77. Rc8 Bxb7 78. Rc3 e2 79. Re3 Bd5 80. Rxe2 Bf3+ 81. Kh4 Bxe2 82. Kg3 Bd3 83. Kf2 Bf5 84. Ke3 e5 85. Kf2 Kg5 86. Ke3 Kg4 87. Kf2 Kf4 88. Ke1 e4 89. Kf2 e3+ 90. Ke1 Bg4 91. Kf1 Ke4 92. Ke1 Kd3 93. Kf1 Kd2 0-1


[Site "https://www.chess.com"]

[Event "Titled Tuesday Blitz May 9 Early 2023"]
[White "micke12a"]
[Black "Martinez Ramirez, Lennis"]
[BlackFideId "3509079"]
[WhiteElo "2369"]
[BlackElo "2410"]
[Result "0-1"]
[Round "02"]
[TimeControl "180+2"]
[Date "2023.05.09"]
[WhiteClock "0:00:05"]
[BlackClock "0:01:29"]

1. e4 c5 2. Nf3 a6 3. c4 Nc6 4. Nc3 g6 5. d4 cxd4 6. Nxd4 Bg7 7. Be3 Nf6 8. Be2 O-O 9. O-O e5 10. Nc2 d6 11. f3 Be6 12. b3 Rc8 13. Qd2 Nh5 14. Rfd1 Nf4 15. Bf1 Qf6 16. Nd5 Bxd5 17. cxd5 Nb8 18. Rac1 Nd7 19. Na3 Nc5 20. Qb4 b5 21. Bxc5 dxc5 22. Rxc5 Qb6 23. Rc1 Bh6 24. Kh1 Nxd5 25. exd5 Bxc1 26. Rxc8 Rxc8 27. Qe1 Bxa3 0-1


[Site "https://www.chess.com"]

[Event "Titled Tuesday Blitz May 9 Early 2023"]
[White "Sourath Biswas"]
[Black "Harriott, Tyrell"]
[WhiteFideId "35091484"]
[BlackFideId "2086484"]
[WhiteElo "2171"]
[BlackElo "2107"]
[Result "0-1"]
[Round "02"]
[TimeControl "180+2"]
[Date "2023.05.09"]
[WhiteClock "0:00:02"]
[BlackClock "0:00:12"]

1. d4 d6 2. Bf4 Nf6 3. Nc3 Nbd7 4. Nf3 c5 5. d5 g6 6. e4 Nh5 7. Bg5 Bg7 8. Bb5 O-O 9. O-O Ne5 10. Nxe5 Bxe5 11. Bh6 Ng7 12. Be3 Qa5 13. Be2 Bxc3 14. bxc3 Qxc3 15. Rb1 f5 16. Bg5 Rf7 17. Rb3 Qa5 18. e5 dxe5 19. d6 Be6 20. Rxb7 exd6 21. Rxf7 Bxf7 22. Qxd6 Re8 23. Be7 Qxa2 24. Qxc5 Ne6 25. Qd6 Nf4 26. Bb5 Rc8 27. Qxe5 Nd5 28. Bg5 Qxc2 29. Bd7 Qc3 30. Qe2 Qc4 31. Qb2 Qc3 32. Qb7 Rc7 33. Qb8+ Kg7 34. Qd8 h6 35. Bh4 g5 36. Bxg5 hxg5 37. Qxg5+ Bg6 38. Bxf5 Qf6 39. Qxg6+ Qxg6 40. Bxg6 Kxg6 41. Rd1 Rc5 42. g3 a5 43. h4 Kf5 44. Rd4 Ke5 45. Ra4 Nb6 46. Rg4 a4 47. h5 a3 48. Rb4 a2 49. Rxb6 a1=Q+ 50. Kg2 Qa8+ 51. Kh2 Rc1 52. Rb5+ Kf6 53. Rb6+ Kg7 54. Kh3 Qh1+ 55. Kg4 Rc4+ 56. f4 Qd1+ 57. Kg5 Rc5+ 58. f5 Qd2+ 59. Kh4 Qd8+ 60. f6+ Kf7 61. h6 Qxb6 62. h7 Qxf6+ 63. Kh3 Qg7 0-1


[Site "https://www.chess.com"]

[Event "Titled Tuesday Blitz May 9 Early 2023"]
[White "Antal, Gergely"]
[Black "Makhmudov, Shukhrat"]
[WhiteFideId "717312"]
[BlackFideId "14200775"]
[WhiteElo "2471"]
[BlackElo "2135"]
[Result "1-0"]
[Round "02"]
[TimeControl "180+2"]
[Date "2023.05.09"]
[WhiteClock "0:01:05"]
[BlackClock "0:00:00"]

1. Nc3 e5 2. e4 Nf6 3. g3 Bb4 4. Bg2 Nc6 5. Nge2 d6 6. O-O Bg4 7. h3 Bxc3 8. bxc3 Be6 9. Rb1 Bxa2 10. Rxb7 Na5 11. Rb5 c6 12. Rb4 c5 13. Ra4 Be6 14. d4 Qc7 15. Bg5 Ng8 16. Qa1 h6 17. Bc1 Nb7 18. Rxa7 Rxa7 19. Qxa7 Ne7 20. f4 O-O 21. d5 Bd7 22. fxe5 Nc8 23. exd6 Ncxd6 24. Bf4 Qc8 25. Rb1 Re8 26. e5 Bxh3 27. Bxh3 Qxh3 28. Rxb7 Nf5 29. Rxf7 Kh8 30. Qd7 1-0


[Site "https://www.chess.com"]